cohdb
Replays
Latest Replays
All Replays
Popular Replays
Top Player Replays
Match Explorer
How It Works
Community
CoH3 Stats
Reddit
Sign in to upload your games and track your stats! →
Sign in with Steam
Match 44013850
Unlisted
Match 44013850
Overview
Messages
Build Orders
End
Construct Barracks
Selects Special Operations Battlegroup
Riflemen Squad
Riflemen Squad
M1 Mortar Team
Infantry Support Center
M1 Mortar Team
Selects Raiding Flares
Grenade Package
Scout Squad
Construct Motor Pool
Selects SSF Commando Squad
M1 Anti-tank Gun Team
Raiding Flares
M24 Chaffee Light Tank
Raiding Flares
SSF Commando Squad
Construct Weapon Support Center
Engineer Squad
Improved M9 Bazooka Rockets
Selects M29 Weasel Recon Vehicle
M1918 Browning Automatic Rifles
Raiding Flares
Scout Squad
Advanced Logistics
Selects P-47 Anti-Infantry Loiter
Survival Training
Munitions Surplus
Selects Air Re-supply Operation
Air Re-Supply Operation
SSF Commando Squad
P-47 Anti-Infantry Loiter
The Red Pasha
MRhrissie
entalp99
anioki
0
0
Comments
sign in to comment!
No comments posted yet!